 Dungeon Crawl Stone Soup version 0.28.0-62-gf88900778d (webtiles) character file.

Game seed: 16451608831708201125

95761 cbfl8 the Severer (level 15, -2/205 HPs)
             Began as a Minotaur Berserker on June 27, 2023.
             Was a High Priest of Trog.
             Killed from afar by Nikola (23 damage)
             ... with a bolt of lightning
             ... on level 2 of the Swamp.
             The game lasted 00:36:53 (39339 turns).

cbfl8 the Severer (Minotaur Berserker)             Turns: 39339, Time: 00:36:54

Health: -2/205     AC: 28    Str: 21    XL:     15   Next: 67%
Magic:  14/14      EV:  9    Int:  4    God:    Trog [*****.]
Gold:   1489       SH: 18    Dex: 18    Spells: 14/14 levels left

rFire   + . .      SeeInvis +   d - +5 broad axe (elec)
rCold   . . .      Faith    .   q - +0 kite shield
rNeg    . . .      Spirit   .   C - +4 plate armour {rPois}
rPois   +          Reflect  +   p - +2 hat
rElec   .          Harm     .   D - +0 cloak
rCorr   .          Rampage  +   F - +0 pair of gloves "Rugyhuyr" {Rampage}
Will    +....                   o - +0 pair of boots
Stlth   ..........              s - amulet of reflection
HPRegen 0.44/turn               j - ring of see invisible
MPRegen 0.14/turn               I - ring of protection from fire

@: berserking, very quick
A: horns 2, retaliatory headbutt
a: Renounce Religion, Berserk, Trog's Hand, Brothers in Arms


You were on level 2 of the Swamp.
You worshipped Trog.
Trog was extremely pleased with you.
You visited 4 branches of the dungeon, and saw 24 of its levels.

You collected 2383 gold pieces.
You spent 894 gold pieces at shops.

Inventory:

Hand Weapons
 d - a +5 broad axe of electrocution (weapon)
 K - a +2 war axe of freezing
Armour
 o - a +0 pair of boots (worn)
 p - a +2 hat (worn)
 q - a +0 kite shield (worn)
 C - a +4 plate armour of poison resistance (worn)
 D - a +0 cloak (worn)
 F - the +0 pair of gloves "Rugyhuyr" (worn) {Rampage}
   (You acquired it on level 1 of the Lair of Beasts)

   Rampage:   It bestows one free step when moving towards enemies.
 M - the +1 plate armour of Ethereal Leaves {rElec Dex+5}
   (You found it on level 5 of the Lair of Beasts)

   Dex:       It affects your dexterity (+5).
   rElec:     It insulates you from electricity.
Jewellery
 j - a ring of see invisible (left hand)
 s - an amulet of reflection (around neck)
 I - a ring of protection from fire (right hand)
Wands
 e - a wand of acid (7)
 n - a wand of iceblast (5)
 x - a wand of flame (35)
 B - a wand of charming (8)
 E - a wand of digging (7)
 H - a wand of paralysis (4)
 L - a wand of mindburst (14) (quivered)
Scrolls
 a - 2 scrolls of blinking
 b - a scroll of fog
 k - a scroll of holy word
 r - 4 scrolls of immolation
 t - 2 scrolls of magic mapping
 v - 2 scrolls of noise
 y - 4 scrolls of teleportation
 J - a scroll of silence
Potions
 c - 4 potions of might
 f - 2 potions of haste
 g - a potion of invisibility {unknown}
 h - a potion of cancellation
 i - 18 potions of curing
 l - 2 potions of ambrosia
 m - 7 potions of heal wounds
 u - 2 potions of resistance
 w - 6 potions of mutation
 z - 2 potions of flight {unknown}
 G - a potion of attraction
Miscellaneous
 A - a phantom mirror
 N - a lightning rod (4/4)


   Skills:
 + Level 13.8 Fighting
 + Level 17.5 Axes
 - Level 0.2 Throwing
 + Level 16.3 Armour
 + Level 5.5 Dodging
 + Level 3.0 Stealth
 * Level 12.1 Shields
 * Level 12.0 Evocations


You had 14 spell levels left.
You didn't know any spells.
Your spell library was empty.

Dungeon Overview and Level Annotations

Branches:
Dungeon (15/15)            Temple (0/1) D:5            Lair (5/6) D:8
  Swamp (2/4) Lair:2        Snake (0/4) Lair:3        Slime (0/5) Lair:5
    Orc (2/2) D:11            Elf (0/3) Orc:2        Vaults (0/5) D:14
 Depths (0/4) D:15

Altars:
Ashenzari
Nemelex Xobeh
Sif Muna
Trog
The Shining One

Shops:
D:2 [   D:8 *   D:11 *   D:15 (   Orc:2 [!(*

Portals:
Trove: D:15 (give 19 potions of curing)

Annotations:
Swamp:2 Nikola


Innate Abilities, Weirdness & Mutations

You have a pair of horns on your head.
You reflexively headbutt those who attack you in melee.


Message History

Nikola is nearby!
Nikola is nearby!
You rampage towards Nikola!
You slice Nikola!! You headbutt Nikola.
Nikola is lightly wounded.
Nikola casts a spell.
Lightning arcs from Nikola's hands!
The bolt of lightning hits you!!!
A bolt of lightning appears from out of thin air!
The bolt of lightning hits Nikola.
Nikola is nearby!
You are too injured to fight recklessly!
A red film seems to cover your vision as you go berserk!
You feel yourself moving faster!
You feel mighty! Nikola hits you but does no damage.
You slash Nikola!
Nikola is lightly wounded.
You slice Nikola!! You headbutt Nikola!
Nikola is heavily wounded.
Nikola says, "There's a spark of magic in your eyes."
Nikola hits you but does no damage.
You hit Nikola. You headbutt Nikola!!
Nikola is heavily wounded.
You barely miss Nikola.
Nikola is heavily wounded.
Nikola splashes around in the water.
You slice Nikola!! Your headbutt misses Nikola.
Nikola is severely wounded.
You slice Nikola!! Your headbutt misses Nikola.
Nikola is almost dead.
Nikola casts a spell.
Lightning arcs from Nikola's hands!
The bolt of lightning hits you!!!
* * * LOW HITPOINT WARNING * * *
A bolt of lightning appears from out of thin air!
The bolt of lightning hits Nikola.
You closely miss Nikola. You headbutt Nikola!
Nikola is almost dead.
You closely miss Nikola.
Nikola is almost dead.
Nikola casts a spell at you. The bolt of lightning hits you!!
You die...

♣♣♣♣♣♣♣♣♣♣♣
♣♣≈.≈..♣.≈.≈
♣♣..≈.≈...≈≈.
♣...≈..≈.§≈≈.
♣.♣.≈♣@≈≈.≈.. ♣♣
♣ ♣.♣.@.....≈. ≈
♣.♣...♣♣...♣≈.
♣.♣...°≈♣♣♣.≈♣.♣.
.♣.♣♣.♣♣.♣♣.≈...
♣. ♣♣....≈♣♣♣.
♣.♣♣♣♣.♣.♣♣.♣
♣.♣..♣.♣♣ ≈. ≈≈
♣♣♣..♣♣..♣ .♣.♣
...
♣♣..♣♣♣♣♣.♣♣≈♣
♣♣....


You could see Nikola.

Vanquished Creatures
  Frances (Swamp:1)
  Gastronok (Lair:1)
  A fire giant (D:15)
  An orc warlord (Orc:1)
  2 quicksilver oozes
  An eleionoma (Swamp:2)
  3 bunyips
  Josephine (Lair:5)
  A shambling mangrove (Lair:2)
  A rakshasa (D:14)
  2 boulder beetles
  4 hydras
  4 vault guards
  The ghost of Cidec the Severer, a journeyman FoAK of Lugonu (D:11)
  A ghost crab (Swamp:1)
  A catoblepas (D:13)
  11 centaur warriors
  3 two-headed ogres
  An anaconda (shapeshifter) (D:14)
  3 tengu warriors
  3 death yaks (Lair:5)
  4 alligators
  3 orc high priests (Orc:2)
  Nergalle (Lair:2)
  4 goliath frogs (Swamp:1)
  4 skeletal warriors (D:14)
  A swamp dragon (shapeshifter) (D:13)
  2 swamp dragons (Swamp:2)
  A death drake (Swamp:2)
  A spriggan druid (Swamp:1)
  5 bog bodies
  A wizard (D:14)
  5 deep elf pyromancers
  4 orc knights (Orc:2)
  A mana viper (shapeshifter) (D:14)
  10 ugly things
  3 will-o-the-wisps
  6 orc sorcerers
  6 cyclopes
  2 manticores
  An eye of devastation (Lair:5)
  6 black mambas
  A centaur zombie (D:10)
  A torpor snail (Lair:2)
  A gargoyle (D:13)
  9 cane toads
  8 komodo dragons
  Maggie (Lair:2)
  An unseen horror (D:13)
  5 yaktaurs (D:15)
  A kobold demonologist (D:9)
  3 rime drakes
  2 efreet
  A polar bear (Lair:5)
  8 trolls
  8 hornets (Swamp:1)
  4 tyrant leeches
  3 meliai (D:15)
  9 slime creatures
  8 spriggans (Swamp:1)
  2 wyverns
  A centaur simulacrum (D:14)
  2 shadows
  5 wraiths
  2 water elementals
  16 yaks
  3 basilisks (Lair:1)
  6 vampire mosquitoes
  A warg (Orc:1)
  4 swamp worms (Swamp:1)
  10 water moccasins
  A floating eye (Lair:5)
  2 ice beasts
  2 swamp drakes (Swamp:2)
  A sky beast (D:7)
  25 orc warriors
  A black bear (Lair:2)
  3 wolves (Lair:1)
  6 ogres
  14 centaurs
  A kobold brigand (D:9)
  13 bullfrogs
  2 gnoll sergeants (D:11)
  A water moccasin skeleton (D:5)
  17 killer bees
  2 vampire bats (Lair:3)
  2 howler monkeys (D:6)
  9 electric eels (D:11)
  A hound (D:6)
  8 jellies
  A gnoll shaman (D:6)
  13 orc priests
  A scorpion zombie (D:5)
  2 iguanas (Lair:1)
  24 orc wizards
  6 hell rats
  2 killer bee zombies
  2 howler monkey zombies
  20 gnolls
  11 river rats (Lair:2)
  6 adders
  2 white imps
  An ufetubus (D:4)
  2 worms (D:2)
  A dart slug (D:2)
  66 orcs
  12 ball pythons
  11 bats
  17 endoplasms
  4 giant cockroaches
  7 goblins
  5 hobgoblins
  8 jackals
  12 kobolds
  6 quokkas
  7 frilled lizards
  3 rats
607 creatures vanquished.

Vanquished Creatures (collateral kills)
  A skeletal warrior (D:14)
  An orc knight (Orc:2)
  A water elemental (D:14)
3 creatures vanquished.

Vanquished Creatures (others)
  26 foxfires
  29 fungi
  23 plants
78 creatures vanquished.

Grand Total: 688 creatures vanquished

Notes
Turn   | Place    | Note
-------+----------+-------------------------------------------
     0 | D:1      | cbfl8 the Minotaur Berserker began the quest for the Orb.
     0 | D:1      | Reached XP level 1. HP: 19/19 MP: 0/0
   351 | D:1      | Reached skill level 4 in Axes
   351 | D:1      | Reached XP level 2. HP: 17/27 MP: 1/1
   844 | D:1      | Found a faded altar of an unknown god.
   877 | D:1      | Reached skill level 1 in Evocations
  1139 | D:1      | Reached ** piety under Trog
  1313 | D:2      | Found Coreusas's Armour Shop.
  1317 | D:2      | Reached XP level 3. HP: 33/33 MP: 2/2
  1717 | D:2      | Reached XP level 4. HP: 40/41 MP: 3/3
  2635 | D:3      | Reached XP level 5. HP: 44/47 MP: 4/4
  2669 | D:3      | Noticed a water moccasin
  2674 | D:3      | Killed a water moccasin
  2675 | D:3      | Reached skill level 5 in Axes
  2675 | D:3      | Reached skill level 1 in Stealth
  2841 | D:3      | Reached XP level 6. HP: 54/55 MP: 5/5
  3104 | D:4      | Found a glowing golden altar of the Shining One.
  3496 | D:4      | Reached *** piety under Trog
  3509 | D:4      | Reached skill level 5 in Fighting
  3689 | D:5      | Entered Level 5 of the Dungeon
  3776 | D:5      | Reached skill level 6 in Axes
  4012 | D:5      | Found a staircase to the Ecumenical Temple.
  4111 | D:5      | Noticed a komodo dragon
  4122 | D:5      | Killed a komodo dragon
  4123 | D:5      | Reached XP level 7. HP: 39/61 MP: 6/6
  4157 | D:5      | Reached skill level 7 in Axes
  4790 | D:6      | Reached XP level 8. HP: 69/70 MP: 7/7
  5392 | D:6      | Reached skill level 5 in Armour
  5464 | D:6      | Noticed a slime creature
  5474 | D:6      | Killed a slime creature
  5475 | D:6      | Reached skill level 8 in Axes
  5915 | D:6      | Found a shimmering blue altar of Sif Muna.
  5915 | D:6      | Found a broken altar of Ashenzari.
  6241 | D:7      | Reached **** piety under Trog
  6249 | D:7      | Reached skill level 9 in Axes
  6545 | D:8      | Reached XP level 9. HP: 69/78 MP: 8/8
  7151 | D:8      | Found Askeucuz's Assorted Antiques.
  7161 | D:8      | Bought a scroll of identify for 62 gold pieces
  7367 | D:8      | Reached skill level 5 in Evocations
  7798 | D:8      | Reached skill level 1 in Shields
  8007 | D:8      | Reached skill level 10 in Axes
  8151 | D:8      | Found a staircase to the Lair.
  8473 | D:9      | Noticed a two-headed ogre
  8483 | D:9      | Killed a two-headed ogre
  8878 | D:9      | Noticed a kobold demonologist
  8884 | D:9      | Reached XP level 10. HP: 86/86 MP: 9/9
  9348 | D:9      | Noticed a two-headed ogre
  9354 | D:9      | Killed a two-headed ogre
  9355 | D:9      | Reached skill level 11 in Axes
  9913 | D:10     | Entered Level 10 of the Dungeon
 10509 | D:10     | Reached skill level 10 in Armour
 10583 | D:10     | You fall into a shaft and drop 3 floors!
 10794 | D:13     | Reached skill level 12 in Axes
 10973 | D:11     | Found a staircase to the Orcish Mines.
 11020 | D:10     | Reached XP level 11. HP: 92/95 MP: 10/10
 13169 | D:11     | Found a large runed translucent door.
 13169 | D:11     | Found a large runed translucent door.
 13171 | D:11     | Noticed Cidec's ghost (journeyman FoAK)
 13458 | D:11     | Found Uzijyly's General Store.
 13466 | D:11     | Bought a scroll of blinking for 120 gold pieces
 13847 | D:11     | Killed Cidec's ghost
 13929 | D:12     | Noticed a deep elf pyromancer
 13938 | D:12     | Killed a deep elf pyromancer
 14021 | D:12     | Noticed a two-headed ogre
 14029 | D:12     | Killed a two-headed ogre
 14030 | D:12     | Reached skill level 13 in Axes
 14505 | D:12     | Noticed a five-headed hydra
 14510 | D:12     | Noticed a quicksilver ooze
 14510 | D:12     | a five-headed hydra changed into a quicksilver ooze
 14525 | D:12     | Killed a quicksilver ooze
 15349 | D:12     | Reached XP level 12. HP: 98/106 MP: 11/11
 15455 | D:12     | Found a shimmering blue altar of Sif Muna.
 16065 | D:13     | Noticed a centaur warrior
 16389 | D:13     | Noticed a catoblepas
 16810 | D:14     | Reached skill level 10 in Fighting
 16965 | D:14     | Noticed a centaur warrior
 16980 | D:14     | Killed a centaur warrior
 16981 | D:14     | Reached skill level 5 in Shields
 17105 | D:14     | Noticed a centaur warrior
 17548 | D:13     | Noticed a centaur warrior
 17565 | D:13     | Killed a centaur warrior
 17710 | D:13     | Killed a centaur warrior
 17715 | D:13     | HP: 5/107 [poisoned by a swamp dragon (poison gas)]
 18142 | D:13     | Killed a catoblepas
 18623 | D:14     | Noticed an eight-headed hydra
 18831 | D:14     | Noticed a seven-headed hydra
 18843 | D:14     | Killed a 16-headed hydra
 19137 | D:14     | Reached skill level 5 in Dodging
 19556 | D:14     | Identified the +5 whip of Naleca {vorpal, rC+}
 19559 | D:14     | Noticed a tengu warrior
 19564 | D:14     | Killed a centaur warrior
 19565 | D:14     | Reached skill level 14 in Axes
 19565 | D:14     | Reached XP level 13. HP: 54/116 MP: 12/12
 20899 | D:14     | Found a gate to the Vaults.
 21623 | D:14     | Reached skill level 10 in Evocations
 22260 | D:15     | Entered Level 15 of the Dungeon
 22321 | D:15     | Found a sparkling altar of Nemelex Xobeh.
 22999 | D:15     | Found a staircase to the Depths.
 22999 | D:15     | Noticed a fire giant
 23149 | D:15     | Killed a fire giant
 23189 | D:15     | Found a portal to a secret trove of treasure.
 23552 | D:11     | Bought 2 potions of curing for 96 gold pieces
 23645 | D:8      | Bought a potion of curing for 93 gold pieces
 24233 | D:15     | Reached skill level 15 in Armour
 24233 | D:15     | Reached XP level 14. HP: 125/126 MP: 13/13
 24359 | D:15     | Found Jyvan's Antique Weapon Boutique.
 25505 | Lair:1   | Entered Level 1 of the Lair of Beasts
 25523 | Lair:1   | Reached skill level 15 in Axes
 25702 | Lair:1   | Identified a scroll of acquirement
 25705 | Lair:1   | Acquired a +4 broad axe of electrocution
 25905 | Lair:1   | Noticed Gastronok
 25922 | Lair:1   | Killed Gastronok
 25928 | Lair:1   | Noticed a quicksilver ooze
 25928 | Lair:1   | a six-headed hydra changed into a quicksilver ooze
 26117 | Lair:1   | Killed a quicksilver ooze
 26360 | Lair:1   | Acquired the +0 pair of gloves "Rugyhuyr" {Rampage}
 27238 | Lair:2   | Found a staircase to the Swamp.
 27656 | Lair:2   | Noticed Maggie
 27666 | Lair:2   | Killed Maggie
 27822 | Lair:2   | Found a bloodstained altar of Trog.
 28067 | Lair:2   | Noticed Nergalle
 28073 | Lair:2   | Killed Nergalle
 28074 | Lair:2   | Reached skill level 10 in Shields
 28388 | Lair:3   | Found a staircase to the Snake Pit.
 29994 | Lair:4   | Reached skill level 16 in Axes
 30370 | Lair:4   | Identified the +5 quarterstaff "Tomurgha" {drain, rN+ Will+
                  | MP-9 Int+2 Dex+2}
 30772 | Lair:5   | Noticed Josephine
 30784 | Lair:5   | Killed Josephine
 30942 | Lair:5   | Found a staircase to the Slime Pits.
 31235 | Lair:5   | Identified the +1 plate armour of Ethereal Leaves {rElec
                  | Dex+5}
 31381 | Orc:1    | Entered Level 1 of the Orcish Mines
 31555 | Orc:2    | Entered Level 2 of the Orcish Mines
 31590 | Orc:1    | You fall into a shaft and drop 1 floor!
 31596 | Orc:2    | Noticed an orc warlord
 31602 | Orc:1    | Reached ***** piety under Trog
 31960 | Orc:1    | Received a gift from Trog
 32092 | Orc:1    | Killed an orc warlord
 32264 | Orc:2    | Found a staircase to the Elven Halls.
 32501 | Orc:2    | Found Hasmavur's Assorted Antiques.
 32530 | Orc:2    | Reached XP level 15. HP: 107/135 MP: 14/14
 32903 | Orc:2    | Found Xoeta's Armour Boutique.
 32904 | Orc:2    | Found Xaoq's Weapon Emporium.
 33169 | Orc:2    | Found Oteumuh's Distillery.
 33174 | Orc:2    | Bought a potion of might for 68 gold pieces
 33174 | Orc:2    | Bought a potion of might for 68 gold pieces
 33174 | Orc:2    | Bought a potion of might for 68 gold pieces
 33184 | Orc:2    | Bought a potion of curing for 87 gold pieces
 33184 | Orc:2    | Bought a wand of acid (5) for 232 gold pieces
 33574 | Swamp:1  | Entered Level 1 of the Swamp
 33583 | Lair:2   | Reached skill level 17 in Axes
 37510 | Swamp:1  | Paralysed by a hornet for 1 turns
 38034 | Swamp:1  | Noticed Frances
 38046 | Swamp:1  | Killed Frances
 39327 | Swamp:2  | Noticed Nikola
 39339 | Swamp:2  | Killed from afar by Nikola

Illustrated notes

Levels and vault maps discovered:
D:1:      amcnicky_arrival_feature_with_door, layout_basic,
          shapermc_ecumenical_altar_pompeii, minmay_misc_feat_alley,
          kennysheep_another_room, chequers_serial_rivers_micro_d
D:2:      layout_loops_ring, serial_shops, shop
D:3:      layout_basic
D:4:      layout_loops_cross, tso_altar
D:5:      layout_gridville, temple_statues
D:6:      lemuel_slime, layout_basic, amethyst_overflow_temple_binary
D:7:      layout_basic
D:8:      layout_basic, lair_entry_dummy, serial_shops, nicolae_stop_n_shop_1,
          minmay_door_square, grunt_ogre_cave
D:9:      layout_irregular_city
D:10:     layout_cave_pools, grunt_decor_fettered, grunt_decor_arrowhead,
          lemuel_flamethrower_2
D:11:     layout_basic, orc_0_dummy, ebering_ghost_disaster_area, serial_shops,
          shop, chequers_serial_rivers_small_b
D:12:     layout_loops_corners, nicolae_sif_muna_little_library
D:13:     layout_loops_ring, st_stairs_4
D:14:     layout_loops_corners, lightli_vaults_fourway_checkpoint,
          kennysheep_minor_cross, dk_noncrumbling_2
D:15:     grunt_enter_depths_giant_problem, layout_grid_maze,
          nemelex_diamond_rough_becter, enter_trove_2, serial_shops, shop_coins
Lair:1:   beast_lair_carwin_large_2, layout_cave_pods, uniq_gastronok
Lair:2:   layout_cave_pods, skrybe_swamp_entry_bodies, basic_altar,
          kennysheep_rathole, uniq_maggie, uniq_nergalle
Lair:3:   layout_layer_cave, minmay_snake_entry_six_corridors, roderic_batcave
Lair:4:   layout_misc_corridors
Lair:5:   layout_cave_shapes, minmay_slime_entry_eyes, uniq_josephine
Swamp:1:  layout_basic_swamp, nicolae_swamp_fairy_circle, uniq_frances
Swamp:2:  nicolae_swamp_ascending_descending, layout_basic_swamp,
          evilmike_swamp_ruin_house_1, swamp_pool1,
          nicolae_swamp_very_dense_foliage, uniq_nikola
Orc:1:    layout_caves
Orc:2:    st_orc_elflike, layout_caves, special_room

Skill      XL: |  1  2  3  4  5  6  7  8  9 10 11 12 13 14 15 |
---------------+----------------------------------------------+-----
Axes           | 4 5 6 7 9 10 12 13 14 16 17 | 17.5
Fighting       | 4 5 6 7 8 9 11 12 13 | 13.8
Evocations     | 1 3 4 5 6 8 9 10 11 12 | 12.0
Dodging        | 3 4 5 |  5.5
Stealth        | 1 2 3 |  3.0
Armour         | 4 6 8 10 12 13 15 16 | 16.3
Shields        | 1 2 4 6 9 10 12 | 12.1
Throwing       | |  0.2

Action                   |  1- 3 |  4- 6 |  7- 9 | 10-12 | 13-15 || total
-------------------------+-------+-------+-------+-------+-------++-------
Melee: Hand axe          |    77 |   163 |   267 |   504 |   157 ||  1168
       Headbutt          |     7 |    30 |    53 |   151 |   219 ||   460
       Punch             |       |     2 |     7 |     5 |       ||    14
       War axe           |       |       |       |       |   136 ||   136
       Broad axe         |       |       |       |       |   671 ||   671
Throw: Throwing net      |       |       |       |       |     2 ||     2
Invok: Berserk           |     1 |     2 |     5 |    17 |    24 ||    49
       Trog's Hand       |       |     1 |       |       |     1 ||     2
       Brothers in Arms  |       |       |       |     1 |     1 ||     2
Evoke: Wand              |       |       |       |    39 |    25 ||    64
  Use: Scroll            |     1 |     7 |     6 |     7 |    24 ||    45
       Potion            |       |       |       |     3 |     1 ||     4
 Stab: Sleeping          |     1 |     2 |       |       |       ||     3
       Held in net/web   |       |       |       |       |     1 ||     1
Armor: Animal skin       |    15 |     5 |       |       |       ||    20
       Scale mail        |       |    22 |       |       |       ||    22
       Chain mail        |       |    53 |   124 |    17 |       ||   194
       Plate armour      |       |       |       |   292 |   444 ||   736
Dodge: Dodged            |    52 |    67 |   102 |   169 |   239 ||   629
Block: Other             |       |       |    29 |    53 |       ||    82
       Reflection        |       |       |       |    14 |    31 ||    45
       Buckler           |       |       |       |   126 |    47 ||   173
       Kite shield       |       |       |       |       |   675 ||   675
